[Event "41st Jacques-Lemans-Open 2022"]
[Site "St. Veit/Glan"]
[Date "2022.07.13"]
[Round "6.3"]
[White "Huber, Benedikt"]
[Black "Hechl, Gerald"]
[Result "0-1"]
[ECO "A40"]
[WhiteElo "2289"]
[BlackElo "2222"]
[Annotator "ChessBase"]
[PlyCount "64"]
[EventDate "2022.07.09"]
[EventType "swiss"]
[EventCountry "AUT"]
[SourceTitle "playchess.com"]
[Source "ChessBase"]
[SourceQuality "1"]
[TimeControl "40/5400+30:1800+30"]

1. d4 g6 2. e4 Nf6 3. Nc3 d5 4. e5 Ne4 5. Nce2 f6 6. f3 Ng5 7. Bxg5 fxg5 8. Qd2 e6 9. Nh3 Be7 10. O-O-O c5 11. dxc5 Nc6 12. Nd4 Bxc5 13. Bb5 Qb6 14. Nxg5 h6 15. Nh3 Bd7 16. Bxc6 bxc6 17. Kb1 Rb8 18. Nb3 a5 19. Qxa5 Qxa5 20. Nxa5 Bb6 21. Nb3 g5 22. c4 dxc4 23. Nd2 Bd4 24. Nxc4 c5 25. Rhe1 Ke7 26. b3 Be8 27. Ng1 Bg6+ 28. Kc1 Ra8 29. Re2 Rhb8 30. Nh3 Bc3 31. Rc2 Rxb3 32. a3 Rab8 0-1

[Event "41st Jacques-Lemans-Open 2022"]
[Site "St. Veit/Glan"]
[Date "2022.07.14"]
[Round "6.4"]
[White "Feinig, Mario"]
[Black "Bauer, Thomas"]
[Result "1-0"]
[ECO "B51"]
[WhiteElo "2141"]
[BlackElo "2228"]
[Annotator "ChessBase"]
[PlyCount "129"]
[EventDate "2022.07.09"]
[EventType "swiss"]
[EventCountry "AUT"]
[SourceTitle "playchess.com"]
[Source "ChessBase"]
[SourceQuality "1"]
[TimeControl "40/5400+30:1800+30"]

1. e4 c5 2. Nf3 d6 3. Bb5+ Nd7 4. c3 Ngf6 5. Qe2 a6 6. Ba4 b5 7. Bc2 Bb7 8. d4 g6 9. O-O Bg7 10. Bg5 O-O 11. Nbd2 e5 12. dxe5 dxe5 13. Rfd1 h6 14. Bxf6 Qxf6 15. Nc4 Rad8 16. Na5 Bc8 17. a4 Qb6 18. axb5 axb5 19. b4 c4 20. Rd5 Nf6 21. Rxd8 Rxd8 22. Rd1 Re8 23. h3 Bf8 24. Qe3 Qc7 25. Nh2 Kg7 26. Rd2 Kh7 27. Qf3 Qb6 28. Qe3 Qc7 29. Bd1 h5 30. g4 Bh6 31. g5 Bxg5 32. Qxg5 Nxe4 33. Qe3 Nxd2 34. Qxd2 Rd8 35. Qe2 e4 36. Bc2 Rd5 37. Bxe4 Rg5+ 38. Kh1 Bxh3 39. Qe3 Qe5 40. f4 Bg2+ 41. Kg1 Bxe4+ 42. fxg5 Qd5 43. Kf2 Kg8 44. Nf1 h4 45. Qf4 Bg2 46. Nh2 Qd3 47. Kxg2 h3+ 48. Kf2 Qc2+ 49. Kg3 Qxc3+ 50. Kh4 Qh8+ 51. Kg3 Qc3+ 52. Kh4 Qxb4 53. Ng4 Qe1+ 54. Kxh3 Qh1+ 55. Kg3 Qg1+ 56. Kf3 Qf1+ 57. Ke4 Qd3+ 58. Ke5 f5 59. gxf6 Qc3+ 60. Ke6 Qe1+ 61. Ne5 Qxa5 62. f7+ Kh7 63. Qh4+ Kg7 64. Qf6+ Kf8 65. Qh8# 1-0

[Event "41st Jacques-Lemans-Open 2022"]
[Site "St. Veit/Glan"]
[Date "2022.07.13"]
[Round "6.5"]
[White "Manhardt, Thomas"]
[Black "Miazhynski, Yuri"]
[Result "1/2-1/2"]
[ECO "A01"]
[WhiteElo "2227"]
[BlackElo "2166"]
[Annotator "ChessBase"]
[PlyCount "38"]
[EventDate "2022.07.09"]
[EventType "swiss"]
[EventCountry "AUT"]
[SourceTitle "playchess.com"]
[Source "ChessBase"]
[SourceQuality "1"]
[TimeControl "40/5400+30:1800+30"]

1. b3 e5 2. Bb2 d6 3. e3 Nf6 4. d4 e4 5. d5 Bf5 6. Ne2 Be7 7. Nbc3 O-O 8. Ng3 Bg6 9. Be2 Nbd7 10. O-O c6 11. Qd4 Qb6 12. Qd2 Rfe8 13. Na4 Qc7 14. c4 Nc5 15. Nc3 a5 16. Rac1 Bf8 17. Kh1 Qe7 18. Ba1 Nfd7 19. Rcd1 Qg5 1/2-1/2

[Event "41st Jacques-Lemans-Open 2022"]
[Site "St. Veit/Glan"]
[Date "2022.07.13"]
[Round "6.6"]
[White "Rogic, Davor"]
[Black "Navaratnam, Rohan Shan Tze"]
[Result "1/2-1/2"]
[ECO "C07"]
[WhiteElo "2474"]
[BlackElo "2071"]
[Annotator "ChessBase"]
[PlyCount "108"]
[EventDate "2022.07.09"]
[EventType "swiss"]
[EventCountry "AUT"]
[SourceTitle "playchess.com"]
[Source "ChessBase"]
[SourceQuality "1"]
[TimeControl "40/5400+30:1800+30"]

1. e4 e6 2. d4 d5 3. Nd2 c5 4. exd5 Qxd5 5. Ngf3 cxd4 6. Bc4 Qd6 7. O-O Nf6 8. Nb3 Nc6 9. Nbxd4 Nxd4 10. Nxd4 Be7 11. c3 O-O 12. Qf3 Qc7 13. Bb3 Bd7 14. Bg5 h6 15. Bh4 Rad8 16. Rfe1 Bc6 17. Nxc6 bxc6 18. Rad1 Rxd1 19. Rxd1 Rd8 20. Bg3 Bd6 21. Qd3 Ne8 22. Ba4 Qc8 23. Qc4 Bxg3 24. hxg3 Rxd1+ 25. Bxd1 c5 26. Qa4 Qb8 27. Bf3 Nf6 28. b3 Qc7 29. Qc4 Qe5 30. Kh2 h5 31. a4 g5 32. b4 cxb4 33. cxb4 Qf5 34. Qd4 a6 35. b5 axb5 36. axb5 Ng4+ 37. Bxg4 hxg4 38. Qb2 Qh7+ 39. Kg1 f5 40. Qf6 Qd7 41. b6 Kh7 42. Qe5 Kg6 43. Qc7 Qd1+ 44. Kh2 Qd4 45. Qb8 Qxf2 46. Qe8+ Kf6 47. Qd8+ Kf7 48. Qc7+ Kg6 49. Qd6 f4 50. Qxe6+ Kh5 51. Qf7+ Kh6 52. Qf6+ Kh5 53. Qf7+ Kh6 54. Qf6+ Kh5 1/2-1/2

[Event "41st Jacques-Lemans-Open 2022"]
[Site "St. Veit/Glan"]
[Date "2022.07.13"]
[Round "6.7"]
[White "Schwab, Lukas"]
[Black "Schernthaner, David"]
[Result "1/2-1/2"]
[ECO "C07"]
[WhiteElo "2166"]
[BlackElo "2319"]
[Annotator "ChessBase"]
[PlyCount "44"]
[EventDate "2022.07.09"]
[EventType "swiss"]
[EventCountry "AUT"]
[SourceTitle "playchess.com"]
[Source "ChessBase"]
[SourceQuality "1"]
[TimeControl "40/5400+30:1800+30"]

1. e4 e6 2. d4 d5 3. Nd2 c5 4. exd5 Qxd5 5. Ngf3 cxd4 6. Bc4 Qd7 7. a4 Nc6 8. O-O Nf6 9. Nb3 a6 10. Nbxd4 Nxd4 11. Qxd4 Qxd4 12. Nxd4 Bd7 13. c3 Rc8 14. Be2 e5 15. Nc2 Bd6 16. Bg5 Ke7 17. Ne3 Be6 18. Bf3 Rb8 19. Nd5+ Bxd5 20. Bxd5 h6 21. Bxf6+ Kxf6 22. Rfd1 Rhd8 1/2-1/2

[Event "41st Jacques-Lemans-Open 2022"]
[Site "St. Veit/Glan"]
[Date "2022.07.13"]
[Round "6.8"]
[White "Hoffmann, Sebastian"]
[Black "Kruckenhauser, Arthur"]
[Result "1-0"]
[ECO "A57"]
[WhiteElo "2148"]
[BlackElo "2303"]
[Annotator "ChessBase"]
[PlyCount "105"]
[EventDate "2022.07.09"]
[EventType "swiss"]
[EventCountry "AUT"]
[SourceTitle "playchess.com"]
[Source "ChessBase"]
[SourceQuality "1"]
[TimeControl "40/5400+30:1800+30"]

1. d4 Nf6 2. c4 c5 3. d5 b5 4. Nf3 b4 5. a3 a5 6. axb4 cxb4 7. Nbd2 d6 8. e4 g6 9. c5 dxc5 10. Bb5+ Bd7 11. Bc4 Bg7 12. e5 Ng4 13. Qe2 O-O 14. h3 Nh6 15. Ne4 Qc7 16. Bg5 Nf5 17. g4 Nd4 18. Nxd4 cxd4 19. Bxe7 Bxg4 20. d6 Bxe2 21. dxc7 Bxc4 22. Bxf8 Nc6 23. Bxg7 Kxg7 24. Nd6 Be6 25. Kd2 a4 26. Rhc1 Ne7 27. Rc5 a3 28. bxa3 bxa3 29. Rb5 Bxh3 30. Rb8 Ra7 31. c8=Q Nxc8 32. Nxc8 Ra5 33. Nd6 Rxe5 34. Rxa3 Bg4 35. f3 Be6 36. Rb7 Rd5 37. Ne8+ Kh6 38. Ra1 Rf5 39. Rh1+ Kg5 40. Rxh7 Rxf3 41. Rb1 Rf2+ 42. Ke1 Rg2 43. Kf1 Ra2 44. Rd1 d3 45. Kg1 Ra8 46. Nc7 Rd8 47. Nxe6+ fxe6 48. Rh3 e5 49. Rhxd3 Re8 50. Rf1 Kg4 51. Kg2 g5 52. Rg3+ Kh5 53. Rf5 1-0

[Event "41st Jacques-Lemans-Open 2022"]
[Site "St. Veit/Glan"]
[Date "2022.07.13"]
[Round "6.9"]
[White "Leitner, Gerald"]
[Black "Sandhoefner, Florian"]
[Result "1/2-1/2"]
[ECO "B20"]
[WhiteElo "2145"]
[BlackElo "2289"]
[Annotator "ChessBase"]
[PlyCount "87"]
[EventDate "2022.07.09"]
[EventType "swiss"]
[EventCountry "AUT"]
[SourceTitle "playchess.com"]
[Source "ChessBase"]
[SourceQuality "1"]
[TimeControl "40/5400+30:1800+30"]

1. e4 c5 2. Ne2 Nf6 3. Nbc3 d5 4. exd5 Nxd5 5. Nxd5 Qxd5 6. d4 e5 7. dxe5 Qxe5 8. c3 Nc6 9. Be3 Be7 10. Nf4 O-O 11. Bb5 Nd4 12. Bd3 Nf5 13. Bxf5 Bxf5 14. Qd5 Qxd5 15. Nxd5 Bd6 16. O-O-O Rfd8 17. c4 Bf8 18. Rd2 f6 19. Rhd1 Kf7 20. b3 Rd7 21. f3 Rad8 22. Nc3 Rxd2 23. Rxd2 Rxd2 24. Kxd2 Ke6 25. Nb5 a6 26. Nc3 Kd7 27. h3 Kc6 28. g4 Be6 29. Ne4 b5 30. Kd3 h6 31. Ng3 g6 32. Ne4 f5 33. Ng3 Bd6 34. gxf5 gxf5 35. Ne2 h5 36. Bf4 Be7 37. Be5 f4 38. cxb5+ Kxb5 39. Nxf4 Bf5+ 40. Kc3 h4 41. a3 Bg5 42. a4+ Kc6 43. Kb2 Kb7 44. Kc3 1/2-1/2

[Event "41st Jacques-Lemans-Open 2022"]
[Site "St. Veit/Glan"]
[Date "2022.07.13"]
[Round "6.10"]
[White "Ernst, Robert"]
[Black "Vojinov, Danijel"]
[Result "0-1"]
[ECO "E42"]
[WhiteElo "2001"]
[BlackElo "2201"]
[Annotator "ChessBase"]
[PlyCount "72"]
[EventDate "2022.07.09"]
[EventType "swiss"]
[EventCountry "AUT"]
[SourceTitle "playchess.com"]
[Source "ChessBase"]
[SourceQuality "1"]
[TimeControl "40/5400+30:1800+30"]

1. d4 Nf6 2. c4 e6 3. Nc3 Bb4 4. e3 c5 5. Nge2 b6 6. a3 Ba5 7. Bd2 O-O 8. Rb1 cxd4 9. Nxd4 Bxc3 10. Bxc3 Ne4 11. Qc2 Bb7 12. Bd3 f5 13. O-O Na6 14. b4 Nxc3 15. Qxc3 Qg5 16. g3 Nc7 17. f4 Qf6 18. Ne2 Qe7 19. Qd4 Rac8 20. e4 fxe4 21. Bxe4 Bxe4 22. Qxe4 Ne8 23. Qd4 Nd6 24. Rbd1 Nxc4 25. Qxd7 Qf6 26. Nd4 Rfe8 27. Nc2 Nb2 28. Rc1 Red8 29. Qb5 Qc3 30. Qe2 Nd3 31. Rf3 Qb2 32. Rd1 Rxc2 33. Qxe6+ Kh8 34. Rdxd3 Rc1+ 35. Rf1 Rxf1+ 36. Kxf1 Qb1+ 0-1

[Event "41st Jacques-Lemans-Open 2022"]
[Site "St. Veit/Glan"]
[Date "2022.07.14"]
[Round "6.11"]
[White "Lerch, Johannes"]
[Black "Schwab, Rene"]
[Result "0-1"]
[ECO "A04"]
[WhiteElo "2222"]
[BlackElo "2124"]
[Annotator "ChessBase"]
[PlyCount "190"]
[EventDate "2022.07.09"]
[EventType "swiss"]
[EventCountry "AUT"]
[SourceTitle "playchess.com"]
[Source "ChessBase"]
[SourceQuality "1"]
[TimeControl "40/5400+30:1800+30"]

1. Nf3 c6 2. c4 d5 3. e3 a6 4. Nc3 Nf6 5. b3 Bg4 6. Be2 e6 7. O-O Nbd7 8. d4 Bb4 9. Bb2 Qa5 10. Qc2 Ba3 11. Rfe1 Rd8 12. Rad1 Bd6 13. h3 Bf5 14. Bd3 Bxd3 15. Qxd3 Bb4 16. Re2 O-O 17. a3 Be7 18. b4 dxc4 19. Qxc4 Qh5 20. e4 e5 21. d5 Nb6 22. Qb3 cxd5 23. exd5 Bd6 24. Rde1 e4 25. Nxe4 Nxe4 26. Rxe4 Qxd5 27. Qc3 f6 28. Rd4 Qf7 29. Qd3 Bc7 30. Rd1 Rxd4 31. Qxd4 Nc4 32. Qc3 b5 33. Bc1 Re8 34. Qd3 Qe7 35. Kf1 Rd8 36. Qe2 Qxe2+ 37. Kxe2 Rxd1 38. Kxd1 Bb6 39. Ke2 Kf7 40. Nd2 Nxd2 41. Bxd2 Ke6 42. f3 Kd5 43. Kd3 Bd4 44. Bc1 Be5 45. Bd2 Bb2 46. Kc2 Bd4 47. Kd3 h5 48. g4 g6 49. Bc1 f5 50. Bd2 Bb2 51. Kc2 Be5 52. Kd3 Ke6 53. Be3 Bb2 54. Kc2 Bf6 55. Kd3 Bd8 56. Bd2 Ke5 57. Bc1 Bb6 58. gxh5 gxh5 59. Be3 Bc7 60. Bd2 Kd5 61. Be3 Be5 62. Bc1 Bf6 63. Bd2 Ke6 64. Be3 Bb2 65. Kc2 Ba1 66. Kd3 Ke5 67. Bh6 Kd5 68. Bd2 Be5 69. Bc1 Bc7 70. Bd2 Bd8 71. Bc1 a5 72. bxa5 Bxa5 73. Be3 Ke5 74. Bc1 Bb6 75. Be3 Bd8 76. Bd2 Be7 77. Bc1 Bc5 78. Kc3 Be7 79. Kd3 Bd6 80. Kc3 Bc5 81. Kd3 f4 82. Bb2+ Kf5 83. Bc1 Kg5 84. Ke4 Kh4 85. Kxf4 Kxh3 86. Ke4 Be7 87. Kd5 Kg3 88. Ke6 Bf8 89. Bb2 h4 90. Kd5 Kxf3 91. Kc6 h3 92. Be5 Bxa3 93. Kxb5 Bc1 94. Bh2 Bf4 95. Bg1 Kg2 0-1

[Event "41st Jacques-Lemans-Open 2022"]
[Site "St. Veit/Glan"]
[Date "2022.07.13"]
[Round "6.12"]
[White "Hofstadler, Mario"]
[Black "Gschiel, Alexander"]
[Result "0-1"]
[ECO "E06"]
[WhiteElo "2123"]
[BlackElo "2215"]
[Annotator "ChessBase"]
[PlyCount "78"]
[EventDate "2022.07.09"]
[EventType "swiss"]
[EventCountry "AUT"]
[SourceTitle "playchess.com"]
[Source "ChessBase"]
[SourceQuality "1"]
[TimeControl "40/5400+30:1800+30"]

1. d4 d5 2. c4 e6 3. Nf3 Nf6 4. g3 Be7 5. Bg2 O-O 6. O-O c6 7. Qc2 b6 8. Rd1 Nbd7 9. b3 Ba6 10. Nbd2 c5 11. e3 Rc8 12. dxc5 Rxc5 13. Bb2 dxc4 14. bxc4 Rc7 15. Qd3 Qc8 16. Rac1 Rd8 17. Qe2 Nf8 18. Bf1 Ng6 19. Re1 Rcd7 20. Nb3 Ne4 21. Rc2 Bb7 22. Rec1 Nc5 23. Nxc5 Bxc5 24. Bg2 Be4 25. Nd4 Bxc2 26. Qxc2 Rd6 27. h4 e5 28. Nb5 Rd2 29. Qb3 Qf5 30. Rf1 R8d3 31. Bc3 Re2 32. Qb1 e4 33. Nd4 Bxd4 34. Bxd4 Ne5 35. Bxe5 Qxe5 36. Qb4 Rdd2 37. Qa4 Rxa2 38. Qc6 g6 39. Bxe4 Rxf2 0-1

[Event "41st Jacques-Lemans-Open 2022"]
[Site "St. Veit/Glan"]
[Date "2022.07.13"]
[Round "6.13"]
[White "Ofner, Maximilian"]
[Black "Bethke, Robert"]
[Result "0-1"]
[ECO "A09"]
[WhiteElo "2194"]
[BlackElo "2070"]
[Annotator "ChessBase"]
[PlyCount "82"]
[EventDate "2022.07.09"]
[EventType "swiss"]
[EventCountry "AUT"]
[SourceTitle "playchess.com"]
[Source "ChessBase"]
[SourceQuality "1"]
[TimeControl "40/5400+30:1800+30"]

1. Nf3 d5 2. c4 d4 3. b4 c5 4. e3 dxe3 5. fxe3 cxb4 6. a3 e6 7. axb4 Bxb4 8. Be2 Nf6 9. O-O O-O 10. Qb3 Nc6 11. d4 Bd6 12. Nc3 e5 13. d5 e4 14. dxc6 exf3 15. Bxf3 bxc6 16. Ba3 Bxa3 17. Rxa3 Qe7 18. Bxc6 Rb8 19. Qxb8 Qxa3 20. Qe5 Be6 21. Bd5 Qc5 22. Qd4 Qxd4 23. exd4 Bxd5 24. Nxd5 Nxd5 25. cxd5 Rd8 26. Rb1 Kf8 27. Rb5 Ke7 28. Ra5 Rd7 29. Kf2 Kd6 30. Ke3 Re7+ 31. Kd3 Rc7 32. g4 h6 33. h4 Rb7 34. Kc4 Rc7+ 35. Rc5 a6 36. h5 f6 37. Kd3 Rxc5 38. dxc5+ Kxd5 39. Ke3 Kxc5 40. Kf4 Kd6 41. Kf5 Ke7 0-1

[Event "41st Jacques-Lemans-Open 2022"]
[Site "St. Veit/Glan"]
[Date "2022.07.13"]
[Round "6.14"]
[White "Kempe, Caius Emilian"]
[Black "Frank, Emanuel"]
[Result "0-1"]
[ECO "D31"]
[WhiteElo "1877"]
[BlackElo "2160"]
[Annotator "ChessBase"]
[PlyCount "84"]
[EventDate "2022.07.09"]
[EventType "swiss"]
[EventCountry "AUT"]
[SourceTitle "playchess.com"]
[Source "ChessBase"]
[SourceQuality "1"]
[TimeControl "40/5400+30:1800+30"]

1. d4 d5 2. c4 e6 3. Nc3 a6 4. cxd5 exd5 5. Nf3 h6 6. Bf4 Nf6 7. Qc2 c5 8. dxc5 Bxc5 9. e3 Nc6 10. Be2 O-O 11. O-O Be6 12. Rfd1 Ba7 13. Ne5 Ne7 14. Bf3 Rc8 15. Qe2 Qa5 16. a3 Rfd8 17. Rd2 b5 18. Rad1 Qb6 19. h3 Qb7 20. Ng4 Nh7 21. Be5 Ng5 22. Bd4 Bb8 23. h4 Ne4 24. Rc2 Nf5 25. g3 Nxd4 26. Rxd4 Nxc3 27. bxc3 h5 28. Nh2 Be5 29. Rd1 Rxc3 30. Rxc3 Bxc3 31. Bxh5 a5 32. Bg4 Bxg4 33. Nxg4 b4 34. axb4 Qxb4 35. h5 a4 36. h6 a3 37. hxg7 Bxg7 38. Rd2 Ra8 39. Rxd5 a2 40. Qf3 a1=Q+ 41. Kg2 Qbb1 42. Rh5 Qg1+ 0-1

[Event "41st Jacques-Lemans-Open 2022"]
[Site "St. Veit/Glan"]
[Date "2022.07.13"]
[Round "6.15"]
[White "Hresc, Vladimir"]
[Black "Hinteregger, Arthur"]
[Result "1-0"]
[ECO "C03"]
[WhiteElo "2308"]
[BlackElo "1993"]
[Annotator "ChessBase"]
[PlyCount "123"]
[EventDate "2022.07.09"]
[EventType "swiss"]
[EventCountry "AUT"]
[SourceTitle "playchess.com"]
[Source "ChessBase"]
[SourceQuality "1"]
[TimeControl "40/5400+30:1800+30"]

1. e4 e6 2. d4 d5 3. Nd2 Be7 4. Bd3 c5 5. dxc5 Nf6 6. Qe2 Nc6 7. c3 Bxc5 8. Ngf3 h6 9. e5 Nd7 10. h4 Be7 11. Nb3 Nc5 12. Bc2 Bd7 13. Bf4 a5 14. Qe3 Qb6 15. O-O a4 16. Nbd4 Nxd4 17. cxd4 Na6 18. Qd2 Nb4 19. Rfc1 Nxc2 20. Rxc2 Bc6 21. h5 Qd8 22. Qe2 O-O 23. Qe3 Kh7 24. g4 Rg8 25. Kh2 g5 26. hxg6+ Rxg6 27. Rg1 Kg7 28. Rcc1 Qh8 29. Rg3 Rg8 30. Rh3 Qh7 31. Rg1 Rh8 32. Rgg3 Kf8 33. Rh5 Ke8 34. Nh4 Bxh4 35. Rxh4 Qg7 36. f3 h5 37. gxh5 Rxg3 38. Bxg3 Qh7 39. Bf4 Qc2+ 40. Qd2 Qf5 41. h6 Bb5 42. Rg4 Bd3 43. Kg2 Kd7 44. Rg5 Qh7 45. Rg7 Qf5 46. Kf2 Rc8 47. Qb4 Rc2+ 48. Kg3 Kc6 49. Qd6+ Kb5 50. Qd7+ Ka5 51. Qxf7 Qxf7 52. Rxf7 Rxb2 53. h7 Bxh7 54. Rxh7 b5 55. a3 b4 56. Ra7+ Kb5 57. Bc1 Rb1 58. Rb7+ Kc6 59. Rxb4 Rxc1 60. Rxa4 Rc4 61. Rxc4+ dxc4 62. Kf2 1-0

[Event "41st Jacques-Lemans-Open 2022"]
[Site "St. Veit/Glan"]
[Date "2022.07.13"]
[Round "6.16"]
[White "Guetz, Wolfgang"]
[Black "Fahrner, Kurt"]
[Result "0-1"]
[ECO "B06"]
[WhiteElo "2034"]
[BlackElo "2331"]
[Annotator "ChessBase"]
[PlyCount "128"]
[EventDate "2022.07.09"]
[EventType "swiss"]
[EventCountry "AUT"]
[SourceTitle "playchess.com"]
[Source "ChessBase"]
[SourceQuality "1"]
[TimeControl "40/5400+30:1800+30"]

1. e4 g6 2. d4 Bg7 3. Nc3 d6 4. Bg5 c6 5. Qd2 Qa5 6. h4 Nf6 7. f3 h6 8. Be3 b5 9. Bd3 Nbd7 10. Nh3 Rb8 11. O-O b4 12. Ne2 Qc7 13. Nf2 Nb6 14. f4 h5 15. f5 gxf5 16. exf5 Nbd5 17. Bg5 Qb6 18. Rae1 Ba6 19. c4 bxc3 20. bxc3 Qa5 21. Rb1 Rb6 22. Rxb6 axb6 23. Bxa6 Qxa6 24. Nf4 Qc4 25. Nxd5 Qxd5 26. Qc2 O-O 27. Nd3 Ra8 28. Nb4 Qc4 29. Rf3 Ra3 30. Bxf6 Bxf6 31. Rg3+ Kf8 32. Kh2 Bxd4 33. cxd4 Qxb4 34. Rxa3 Qxa3 35. Qxc6 Qb4 36. Qa8+ Kg7 37. Qe4 Qd2 38. a4 Kf6 39. Qf3 Qxd4 40. Qxh5 Qf4+ 41. Kh1 Qf1+ 42. Kh2 Qf4+ 43. Kh1 Qxf5 44. Qh8+ Kg6 45. Qd8 Qe5 46. Qg8+ Qg7 47. Qa8 Kh5 48. Qf3+ Kxh4 49. Qf2+ Kg5 50. Qxb6 Qa1+ 51. Qg1 Qxa4 52. Qe3+ Kg6 53. Qg3+ Kf6 54. Qf3+ Kg7 55. Qc3+ f6 56. Qg3+ Kf7 57. Qh3 Qa1+ 58. Kh2 Qe5+ 59. Kg1 Qe4 60. Qh5+ Kg7 61. Qh3 d5 62. Qg3+ Kf7 63. Qh3 d4 64. Qh5+ Kg7 0-1

[Event "41st Jacques-Lemans-Open 2022"]
[Site "St. Veit/Glan"]
[Date "2022.07.13"]
[Round "6.17"]
[White "Praznik, Niko"]
[Black "Fuchs, Patrick"]
[Result "1-0"]
[ECO "A06"]
[WhiteElo "2325"]
[BlackElo "1990"]
[Annotator "ChessBase"]
[PlyCount "61"]
[EventDate "2022.07.09"]
[EventType "swiss"]
[EventCountry "AUT"]
[SourceTitle "playchess.com"]
[Source "ChessBase"]
[SourceQuality "1"]
[TimeControl "40/5400+30:1800+30"]

1. Nf3 d5 2. b3 Nf6 3. Bb2 e6 4. c4 c6 5. e3 Bd6 6. d4 O-O 7. Nbd2 Nbd7 8. Bd3 Re8 9. Ne5 Qc7 10. f4 b6 11. O-O a5 12. g4 Nf8 13. a3 N6d7 14. g5 Bb7 15. Rf3 c5 16. Rh3 Bxe5 17. fxe5 Ng6 18. cxd5 Bxd5 19. Ne4 cxd4 20. Nd6 Ndxe5 21. Nxe8 Rxe8 22. Bxg6 hxg6 23. Rc1 Qb7 24. Qxd4 f6 25. gxf6 gxf6 26. Qh4 Nf3+ 27. Rxf3 Bxf3 28. Qxf6 Re7 29. Rf1 e5 30. Rxf3 Rf7 31. Qxf7+ 1-0

[Event "41st Jacques-Lemans-Open 2022"]
[Site "St. Veit/Glan"]
[Date "2022.07.13"]
[Round "6.18"]
[White "Dotzer, Lukas"]
[Black "Hng, Mei-En Emmanuelle"]
[Result "1/2-1/2"]
[ECO "B07"]
[WhiteElo "2269"]
[BlackElo "1997"]
[Annotator "ChessBase"]
[PlyCount "33"]
[EventDate "2022.07.09"]
[EventType "swiss"]
[EventCountry "AUT"]
[SourceTitle "playchess.com"]
[Source "ChessBase"]
[SourceQuality "1"]
[TimeControl "40/5400+30:1800+30"]

1. e4 d6 2. d4 Nf6 3. Nc3 g6 4. f3 Bg7 5. Be3 a6 6. Qd2 b5 7. a3 Nbd7 8. O-O-O Nb6 9. Bh6 Bxh6 10. Qxh6 e6 11. e5 Nfd5 12. Ne4 Qe7 13. Qg7 Qf8 14. Qxf8+ Kxf8 15. exd6 f5 16. d7 Nxd7 17. Nc3 1/2-1/2

[Event "41st Jacques-Lemans-Open 2022"]
[Site "St. Veit/Glan"]
[Date "2022.07.13"]
[Round "6.19"]
[White "Miazhynski, Michael"]
[Black "Novosel, Lovro"]
[Result "1-0"]
[ECO "B50"]
[WhiteElo "1994"]
[BlackElo "2255"]
[Annotator "ChessBase"]
[PlyCount "103"]
[EventDate "2022.07.09"]
[EventType "swiss"]
[EventCountry "AUT"]
[SourceTitle "playchess.com"]
[Source "ChessBase"]
[SourceQuality "1"]
[TimeControl "40/5400+30:1800+30"]

1. e4 c5 2. Nf3 d6 3. c3 Nf6 4. h3 Nc6 5. Bd3 d5 6. e5 c4 7. Bc2 Nd7 8. Qe2 Qc7 9. e6 fxe6 10. Ng5 Nf6 11. O-O Qe5 12. Qxe5 Nxe5 13. Re1 Nc6 14. Nxe6 Bxe6 15. Rxe6 Kf7 16. Re1 e5 17. b3 cxb3 18. Bxb3 Rd8 19. Na3 Bc5 20. d3 Rhe8 21. Nc2 Bb6 22. Re2 Kg6 23. Nb4 Na5 24. Ba4 Re6 25. Bf4 e4 26. Rae1 Rc8 27. c4 dxc4 28. dxe4 Bd4 29. Bc2 Nh5 30. Nd5 Kf7 31. Bh2 Nc6 32. e5 g6 33. Kh1 Rd8 34. Nc7 Re7 35. g4 Ng7 36. Nb5 Bc5 37. f4 a6 38. Nc3 Nd4 39. Ne4 Nxe2 40. Rxe2 Bd4 41. Ng5+ Kg8 42. f5 gxf5 43. gxf5 Nh5 44. Rd2 Bb6 45. Rg2 Kh8 46. e6 Bc7 47. Bg1 h6 48. Bc5 hxg5 49. Bxe7 Rg8 50. f6 Nf4 51. f7 Nxg2 52. Bf6+ 1-0

[Event "41st Jacques-Lemans-Open 2022"]
[Site "St. Veit/Glan"]
[Date "2022.07.13"]
[Round "6.20"]
[White "Caruso, Augusto"]
[Black "Praxmarer, Christian"]
[Result "1/2-1/2"]
[ECO "C05"]
[WhiteElo "2132"]
[BlackElo "1906"]
[Annotator "ChessBase"]
[PlyCount "71"]
[EventDate "2022.07.09"]
[EventType "swiss"]
[EventCountry "AUT"]
[SourceTitle "playchess.com"]
[Source "ChessBase"]
[SourceQuality "1"]
[TimeControl "40/5400+30:1800+30"]

1. e4 e6 2. d4 d5 3. Nd2 Nf6 4. e5 Nfd7 5. Bd3 c5 6. c3 Nc6 7. Ngf3 cxd4 8. cxd4 f5 9. exf6 Nxf6 10. O-O Bd6 11. b3 O-O 12. Bb2 Bd7 13. Ne5 Qe8 14. f4 Nb4 15. Bb1 Bb5 16. Rf3 Qh5 17. a3 Nc6 18. Qe1 Qh6 19. Nxc6 Bxf4 20. Rxf4 Qxf4 21. Ne5 Rac8 22. Ndf3 Ng4 23. Nxg4 Qxg4 24. Qe3 Rf6 25. Bd3 Bxd3 26. Qxd3 Qe4 27. Qf1 Qe3+ 28. Kh1 Qxb3 29. Rc1 Rc2 30. Rxc2 Qxc2 31. Bc1 h6 32. Be3 Qb3 33. Qc1 Qc4 34. Kg1 b5 35. Qd2 Qb3 36. Qc1 1/2-1/2

[Event "41st Jacques-Lemans-Open 2022"]
[Site "St. Veit/Glan"]
[Date "2022.07.13"]
[Round "6.21"]
[White "Bratko, Alexander"]
[Black "Moeller, Dustin"]
[Result "0-1"]
[ECO "B31"]
[WhiteElo "1982"]
[BlackElo "2237"]
[Annotator "ChessBase"]
[PlyCount "62"]
[EventDate "2022.07.09"]
[EventType "swiss"]
[EventCountry "AUT"]
[SourceTitle "playchess.com"]
[Source "ChessBase"]
[SourceQuality "1"]
[TimeControl "40/5400+30:1800+30"]

1. e4 c5 2. Nf3 Nc6 3. Bb5 g6 4. Bxc6 dxc6 5. d3 Bg7 6. h3 Qc7 7. O-O e5 8. Be3 b6 9. Nc3 Nf6 10. Qd2 Nh5 11. Bh6 f6 12. Bxg7 Qxg7 13. Ne2 g5 14. Nh2 Nf4 15. Nxf4 gxf4 16. Qe2 Rg8 17. Qf3 Be6 18. Kh1 O-O-O 19. a4 c4 20. dxc4 Bxc4 21. Rg1 f5 22. Qc3 Rd4 23. b3 Ba6 24. a5 Bb7 25. axb6 axb6 26. exf5 e4 27. f6 Qxf6 28. Rad1 Rd6 29. Qxf6 Rxf6 30. Rd2 c5 31. Ng4 Rxg4 0-1

[Event "41st Jacques-Lemans-Open 2022"]
[Site "St. Veit/Glan"]
[Date "2022.07.13"]
[Round "6.22"]
[White "Schein, Karl-Heinz"]
[Black "Gruenwald, Simon"]
[Result "1/2-1/2"]
[ECO "E98"]
[WhiteElo "2167"]
[BlackElo "1762"]
[Annotator "ChessBase"]
[PlyCount "90"]
[EventDate "2022.07.09"]
[EventType "swiss"]
[EventCountry "AUT"]
[SourceTitle "playchess.com"]
[Source "ChessBase"]
[SourceQuality "1"]
[TimeControl "40/5400+30:1800+30"]

1. d4 Nf6 2. c4 g6 3. Nc3 Bg7 4. e4 d6 5. Be2 O-O 6. Nf3 e5 7. O-O Nc6 8. d5 Ne7 9. Ne1 Ne8 10. Nd3 f5 11. f3 f4 12. c5 h5 13. Bd2 g5 14. Rc1 Rf7 15. cxd6 cxd6 16. Nf2 Nf6 17. h3 Ng6 18. Nb5 Bf8 19. Qc2 g4 20. hxg4 hxg4 21. fxg4 Ne8 22. Qb3 f3 23. Bxf3 Qh4 24. Rc3 Rh7 25. Nh3 Nf4 26. Bxf4 exf4 27. Be2 Bg7 28. Qd1 Bxc3 29. Nxc3 Qg3 30. Rf3 Qxg4 31. Rxf4 Qg3 32. Rf3 Qg7 33. Qd3 Rxh3 34. Rxh3 Bxh3 35. Qxh3 Qd4+ 36. Kh1 Qh8 37. Bh5 Ng7 38. g4 Nxh5 39. gxh5 Qe5 40. Qg4+ Kh8 41. Qg6 Qg7 42. Qxg7+ Kxg7 43. Nb5 Rd8 44. Kg2 a6 45. Nd4 Kf6 1/2-1/2